AoeStats
← put here generic profile name

Lombardia

509437812Analyzed
4v4 RM · 6d ago on Sep 26, 2026· 63m 7s· 8 players
Game mode
Random Map
Map size
Large (8 player)
Population
200
Speed
Normal
Resources
Standard
Victory
Conquest
Starting age
Dark Age
Ending age
Imperial Age
RankedLock teamsTeams togetherTeam positionsShared explorationLock speedFull tech treeHidden civsTurbo modeCheats
Victory
Defeat
🇩🇪 Mongols · Germany
1112
+12
🇩🇪 Persians · Germany
1089
+13
🇩🇪 Italians · Germany
1075
+13
🇫🇷 Franks · France
971
+17
🇳🇱 Saracens · Netherlands
1027
-14
🇳🇱 Wei · Netherlands
1022
-14
🇬🇧 Franks · United Kingdom
1022
-14
🇩🇪 Jurchens · Germany
1002
-13
put here generic profile name
11:19 Feudal Age
15:33 Castle Age
13:42 Double-Bit Axe
14:26 Horse Collar
17:47 Bow Saw
17:33 Loom
21:48 Wheelbarrow
22:54 Gold Mining
24:04 Hand Cart
24:13 Heavy Plow
25:40 Stone Mining
28:03 Gold Shaft Mining
32:40 Imperial Age
30:54 Fletching
31:13 Thumb Ring
31:23 Bloodlines
31:13 Husbandry
32:49 Elite Mameluke
33:39 Padded Archer Armor
34:33 Scale Barding Armor
34:24 Bodkin Arrow
35:00 Parthian Tactics
35:19 Caravan
36:14 Chain Barding Armor
35:56 Bracer
36:34 Ballistics
37:30 Hoardings
38:04 Chemistry
39:09 Two-Man Saw
39:07 Plate Barding Armor
38:54 Fortified Wall
43:02 Leather Archer Armor
42:57 Forging
44:57 Heavy Camel Rider
46:35 Conscription
48:51 Iron Casting
50:11 Masonry
Cheapp Sheepp
0:33 Loom
11:05 Feudal Age
14:20 Town Watch
19:16 Castle Age
17:39 Horse Collar
21:09 Double-Bit Axe
23:03 Fletching
26:41 Wheelbarrow
28:32 Gold Mining
30:38 Fortified Wall
32:34 Hand Cart
32:52 Heavy Plow
33:22 Murder Holes
34:57 Bloodlines
35:18 Bow Saw
36:20 Scale Barding Armor
39:21 Imperial Age
37:57 Ballistics
38:35 Town Patrol
39:08 Chain Barding Armor
38:44 Bodkin Arrow
38:50 Padded Archer Armor
39:01 Forging
38:57 Tuntian
39:06 Husbandry
39:25 Masonry
40:18 Elite Tiger Cavalry
41:19 Conscription
41:37 Parthian Tactics
41:28 Stone Mining
43:52 Hoardings
44:24 Crop Rotation
44:56 Chemistry
44:45 Bracer
45:01 Leather Archer Armor
45:36 Iron Casting
45:30 Thumb Ring
48:48 Ring Archer Armor
49:19 Blast Furnace
48:12 Capped Ram
49:54 Ming Guang Armor
Drewpert93
9:07 Loom
10:53 Feudal Age
12:31 Double-Bit Axe
20:24 Castle Age
22:02 Husbandry
22:17 Bow Saw
25:51 Forging
25:48 Scale Barding Armor
33:55 Imperial Age
36:28 Iron Casting
38:44 Cavalier
41:11 Blast Furnace
39:50 Pikeman
42:10 Squires
45:32 Chain Barding Armor
44:43 Halberdier
46:14 Wheelbarrow
DüSa
7:50 Loom
10:45 Feudal Age
15:07 Castle Age
14:06 Horse Collar
15:25 Double-Bit Axe
19:21 Scale Barding Armor
20:44 Wheelbarrow
22:30 Hand Cart
25:21 Bow Saw
26:41 Chain Barding Armor
26:37 Bloodlines
26:27 Husbandry
29:38 Light Cavalry
30:32 Forging
32:06 Iron Casting
33:13 Fletching
34:30 Bodkin Arrow
35:31 Ballistics
36:19 Fortified Wall
43:35 Imperial Age
46:12 Plate Barding Armor
49:13 Blast Furnace
48:14 Bracer
50:19 Murder Holes
51:37 Elite Iron Pagoda
xXTOUROXx
1:18 Loom
13:44 Feudal Age
15:36 Double-Bit Axe
16:32 Gold Mining
19:55 Castle Age
19:16 Horse Collar
19:33 Stone Mining
20:56 Bow Saw
21:24 Wheelbarrow
22:54 Stone Shaft Mining
28:55 Fletching
30:39 Fervor
31:54 Bodkin Arrow
33:44 Ballistics
34:21 Heavy Plow
37:15 Imperial Age
35:03 Hand Cart
35:39 Padded Archer Armor
37:03 Leather Archer Armor
37:56 Bracer
38:20 Conscription
39:05 Chemistry
40:22 Crop Rotation
42:14 Two-Man Saw
40:54 Elite Genoese Crossbowman
43:30 Ring Archer Armor
50:54 Hoardings
59:51 Spies/Treason
PoacherCrooks
0:45 Loom
11:50 Feudal Age
20:04 Castle Age
18:09 Double-Bit Axe
18:18 Stone Mining
18:22 Gold Mining
20:57 Bow Saw
21:24 Gold Shaft Mining
24:59 Wheelbarrow
24:09 Town Watch
27:43 Husbandry
30:16 Hand Cart
30:04 Town Patrol
29:58 Treadmill Crane
34:27 Imperial Age
32:41 Scale Barding Armor
32:47 Forging
33:03 Ballistics
32:19 Light Cavalry
35:10 Fortified Wall
34:55 Murder Holes
35:11 Masonry
35:11 Chivalry
35:32 Conscription
35:35 Chain Barding Armor
35:51 Iron Casting
35:16 Scale Mail Armor
34:39 Cavalier
36:34 Paladin
39:34 Blast Furnace
38:54 Chain Mail Armor
38:27 Arson
38:43 Squires
40:33 Chemistry
40:05 Architecture
41:26 Siege Engineers
41:07 Arrowslits
42:07 Plate Barding Armor
41:21 Gambesons
40:56 Man-at-Arms
40:57 Pikeman
45:49 Hoardings
44:35 Elite Throwing Axeman
44:35 Ordonnance Companies
45:50 Plate Mail Armor
44:41 Halberdier
44:42 Long Swordsman
58:10 Two-Handed Swordsman
59:42 Padded Archer Armor
59:36 Guard Tower
59:59 Clinker Construction
59:41 Champion
Bobby_zz
5:06 Loom
12:06 Feudal Age
12:55 Town Watch
16:16 Castle Age
18:16 Double-Bit Axe
25:10 Wheelbarrow
28:28 Bow Saw
28:48 Hand Cart
28:27 Horse Collar
32:43 Heavy Plow
35:33 Imperial Age
33:15 Town Patrol
34:48 Scale Barding Armor
34:54 Forging
34:44 Scale Mail Armor
34:35 Fletching
34:48 Padded Archer Armor
35:12 Ballistics
35:03 Masonry
35:21 Bloodlines
35:11 Husbandry
36:14 Chain Barding Armor
36:17 Stone Mining
36:18 Gold Mining
37:22 Conscription
36:31 Light Cavalry
37:51 Iron Casting
37:11 Bodkin Arrow
37:16 Murder Holes
38:23 Chemistry
37:54 Architecture
38:08 Leather Archer Armor
38:36 Kamandaran
38:23 Hussar
40:00 Plate Barding Armor
39:33 Elite War Elephant
40:23 Citadels
44:19 Crossbowman
45:05 Thumb Ring
45:41 Cavalier
48:06 Savar
50:03 Blast Furnace
60:22 Spies/Treason
Offline
10:41 Feudal Age
11:42 Loom
11:54 Double-Bit Axe
11:57 Horse Collar
15:28 Wheelbarrow
18:11 Castle Age
17:26 Stone Mining
19:24 Hand Cart
19:03 Gold Mining
19:43 Bow Saw
20:49 Heavy Plow
21:19 Fletching
22:35 Thumb Ring
23:46 Bodkin Arrow
27:58 Town Watch
30:37 Bloodlines
30:28 Husbandry
32:15 Ballistics
38:29 Imperial Age
37:17 Padded Archer Armor
38:32 Elite Mangudai
39:33 Conscription
39:14 Bracer
40:39 Chemistry
40:37 Leather Archer Armor
42:02 Hoardings
42:18 Murder Holes
53:09 Caravan
60:10 Spies/Treason
Connection lost

Rejoining the realm…

Still unreachable

The connection could not be restored.

Session expired

The server has moved on; the page needs a fresh start.